 Dungeon Crawl Stone Soup version 0.26.1-11-gd32895ea62 (webtiles) character file.

Game seed: 17496596399000343242

96 H0rd4k the Insei (level 4, 0/42 HPs)
             Began as an Octopode Transmuter on May 10, 2021.
             Succumbed to a gnoll's poison
             ... on level 2 of the Dungeon.
             The game lasted 00:01:48 (1864 turns).

H0rd4k the Insei (Octopode Transmuter)              Turns: 1864, Time: 00:01:49

Health: 0/42       AC: 22    Str:  9    XL:     4   Next: 67%
Magic:  1/7        EV:  2    Int: 16    God:
Gold:   104        SH:  0    Dex: 12    Spells: 3/7 levels left

rFire    . . .     SeeInvis .     - Unarmed
rCold    . . .     Faith    .   (no shield)
rNeg     + + +     Spirit   .   (helmet currently unavailable)
rPois    +         Reflect  .   (no amulet)
rElec    .         Harm     .   (no ring)
rCorr    .         Rampage  .   (no ring)
Will     .....     NoTele   +   (no ring)
Stlth    ++........             (no ring)
HPRegen  0.14/turn              (no ring)
MPRegen  0.10/turn              (no ring)
                                (no ring)
                                (no ring)

@: lethally poisoned (0 -> -21), tree-form, very slightly contaminated
A: almost no armour, stealthy swim, (amphibious), 8 rings, (constrict 8)
a: no special abilities


You were on level 2 of the Dungeon.
You were a tree.
You visited 1 branch of the dungeon, and saw 2 of its levels.

You collected 104 gold pieces.

Inventory:

Jewellery
 c - an uncursed amulet of faith {unknown}
 f - an uncursed ring of protection from fire {unknown}
 h - an uncursed amulet of the acrobat
Scrolls
 a - a scroll of fog {unknown}
 b - 2 scrolls of identify {unknown}
 d - 2 scrolls of remove curse {unknown}
 e - a scroll of teleportation {unknown}
Potions
 g - a potion of lignification
 i - a potion of attraction {unknown}


   Skills:
 + Level 1.1 Fighting
 + Level 2.3 Dodging
 - Level 1.6 Stealth
 + Level 3.9 Unarmed Combat
 * Level 2.4 Spellcasting
 * Level 2.4 Transmutations
 * Level 1.5 Poison Magic


You had 3 spell levels left.
You knew the following spells:

 Your Spells              Type           Power        Failure   Level
a - Beastly Appendage     Tmut           18%          8%          1
b - Spider Form           Tmut/Pois      4%           26%         3

Your spell library contained the following spells:

 Spells                   Type           Power        Failure   Level
 Wereblood                Tmut           9%           11%         2
 Ice Form                 Ice/Tmut       5%           77%         4
 Blade Hands              Tmut           4%           90%         5


Dungeon Overview and Level Annotations

Branches:
Dungeon (2/15)

Altars:


Innate Abilities, Weirdness & Mutations

You cannot wear most types of armour.
You are very stealthy in the water. (Stealth+)
((You are amphibious.))
You can wear up to eight rings at the same time.
((You can use your tentacles to constrict eight enemies at once.))
((Your skin changes colour to match your surroundings (Stealth+).))
((Your rubbery body absorbs attacks. (AC +1, EV +1)))


Message History

The spell is quite dangerous to cast (26% risk of failure)!
Continue anyway?
You turn into a venomous arachnid creature.
You barely miss the gnoll. You hit the gnoll but do no damage.
The gnoll is poisoned.
The gnoll hits you with a +1 whip of venom.
You are poisoned.
You barely miss the gnoll.
You feel sick.
The gnoll hits you with a +1 whip of venom.
You are lethally poisoned!
You hit the gnoll.
The gnoll is heavily wounded.
You feel sick. The gnoll misses you.
The gnoll hits you from afar with a +0 spear!
* * * LOW HITPOINT WARNING * * *
* * * LOW HITPOINT WARNING * * *
You feel sick.
It was a potion of lignification.
Your transformation has ended.
You turn into a tree.
Your roots penetrate the ground.
You die...

###.....###.........#.#
#.#
#....)......###(#####.#
#.# #..######....###.# #.#
#.# #. ##.#...#.### #.#
#.# . #.#.......###.# #.#
..####).#.....###.# #.##
#..####(...#.# ..
##).<..#.#.#.# .[.
#♣###....(..###### . #g#
###.##........ ..>.###g##
#.###...###. .......r.#
#g.#..#...##
....##.#g####...........
########.#...#....########
...........#...#..########
########.#....>...........
##### ##
##..#.#####..........


You could see 3 gnolls and a rat.

Vanquished Creatures
  An orc wizard (D:2)
  An adder (D:2)
  2 worms (D:2)
  2 dart slugs (D:2)
  A leopard gecko (D:1)
  2 orcs
  9 giant cockroaches
  4 goblins
  3 hobgoblins
  4 jackals (D:2)
  5 kobolds
  3 bats
  6 frilled lizards (D:1)
  5 rats
48 creatures vanquished.

Notes
Turn   | Place    | Note
-------+----------+-------------------------------------------
     0 | D:1      | H0rd4k the Octopode Transmuter began the quest for the Orb.
     0 | D:1      | Reached XP level 1. HP: 13/13 MP: 3/3
   145 | D:1      | Reached XP level 2. HP: 18/18 MP: 5/5
   687 | D:2      | Reached skill level 1 in Stealth
   687 | D:2      | Reached XP level 3. HP: 23/23 MP: 6/6
   701 | D:2      | Learned a level 3 spell: Spider Form
  1212 | D:2      | Reached skill level 1 in Poison Magic
  1556 | D:2      | Reached XP level 4. HP: 11/28 MP: 4/7
  1863 | D:2      | HP: 1/28 [poisoned by a gnoll]
  1864 | D:2      | Succumbed to a gnoll's poison

Illustrated notes

Levels and vault maps discovered:
D:1:      ncdulo_halloftheorcs, layout_rooms, minmay_worlds_worst_comb
D:2:      layout_rooms

Skill      XL: |  1  2  3 |
---------------+----------+-----
Stealth        | 1 |  1.6
Poison Magic   | 1 |  1.5
Fighting       | |  1.1
Dodging        | |  2.3
Unarmed Combat | |  3.9
Spellcasting   | |  2.4
Transmutations | |  2.4

Action                   |  1- 3 |  4- 6 || total
-------------------------+-------+-------++-------
Melee: Unarmed           |   120 |    16 ||   136
       Constrict         |    38 |     4 ||    42
       Tentacles         |    15 |     3 ||    18
       Punch             |     2 |       ||     2
 Cast: Spider Form       |     1 |     1 ||     2
  Use: Potion            |     1 |     1 ||     2
 Stab: Sleeping          |     8 |     1 ||     9
Armor: Skin              |    14 |       ||    14
Dodge: Dodged            |    82 |    11 ||    93
